 Dungeon Crawl Stone Soup version 0.17.1-2-g5865329 (webtiles) character file.

106 Metrazal the Ducker (level 4, 0/22 HPs)
             Began as a Spriggan Assassin on Jan 24, 2016.
             Slain by PossumBlood's ghost (2 damage)
             ... on level 3 of the Dungeon.
             The game lasted 00:30:54 (2721 turns).

Metrazal the Ducker (Spriggan Assassin)             Turns: 2721, Time: 00:30:54

Health: 0/22       AC:  3    Str:  7    XL:     4   Next: 55%
Magic:  5/5        EV: 22    Int: 12    God:
Gold:   123        SH:  0    Dex: 18    Spells: 0 memorised, 3 levels left

rFire  + . .     SeeInvis +     a - +2 dagger
rCold  x . .     Clarity  .     c - +0 robe
rNeg   . . .     SustAt   .     (shield restricted)
rPois  .         Gourm    .     (helmet restricted)
rElec  .         Spirit   .     d - +0 cloak
rCorr  .         Warding  .     (gloves unavailable)
rMut   .         Stasis   .     (boots unavailable)
MR     .....                    (no amulet)
Stlth  ++++......               (no ring)
                                v - ring of fire

@: very quick, not resistant to hostile enchantments, stealthy
A: unfitting armour, see invisible, herbivore 3, speed 3, slow metabolism 2
a: no special abilities


You were on level 3 of the Dungeon.
You were not hungry.

You visited 1 branch of the dungeon, and saw 3 of its levels.

You collected 123 gold pieces.

Inventory:

Hand Weapons
 a - a +2 dagger (weapon)
 b - a +0 blowgun
Missiles
 e - 8 poisoned needles
 f - a curare-tipped needle
 k - 31 stones (quivered)
 o - 14 bolts of frost
 q - 18 bolts
 s - 12 arrows
 u - 8 arrows of dispersal
Armour
 c - a +0 robe (worn)
 d - a +0 cloak (worn)
Jewellery
 v - a ring of fire (left hand)
Scrolls
 h - 2 scrolls of amnesia {unknown}
 i - 3 scrolls of magic mapping {unknown}
 l - a scroll of teleportation {unknown}
 n - 3 scrolls of identify {unknown}
 p - a scroll of fear {unknown}
 r - a scroll of remove curse {unknown}
 t - a scroll of recharging {unknown}
Potions
 j - a potion of curing {unknown}
Comestibles
 g - 5 bread rations
 m - a fruit


   Skills:
 - Level 1.5 Fighting
 - Level 2.1 Short Blades
 - Level 2.0 Throwing
 + Level 6.5 Dodging
 - Level 5.8 Stealth


You had 3 spell levels left.
You didn't know any spells.

Dungeon Overview and Level Annotations

Branches:
Dungeon (3/15)

Altars:
Yredelemnul

Annotations:
D:3 PossumBlood's ghost, amateur HEHu


Innate Abilities, Weirdness & Mutations

You are tiny and cannot use many weapons and most armour.
You have supernaturally acute eyesight.
You are a herbivore.
You cover ground extremely quickly.
You need consume almost no food.


Message History

The stone closely misses PossumBlood's ghost.
Throwing (i - inventory):
k - 32 stones (quivered)
Press: ? - help, Shift-Dir - straight line, f/p - PossumBlood's ghost
Aim: PossumBlood's ghost (severely damaged)
You throw a stone.
The stone hits PossumBlood's ghost but does no damage.
PossumBlood's ghost is severely damaged.
You completely miss PossumBlood's ghost.
PossumBlood's ghost is severely damaged.
PossumBlood's ghost closely misses you.
You closely miss PossumBlood's ghost.
PossumBlood's ghost is severely damaged.
PossumBlood's ghost hits you.
* * * LOW HITPOINT WARNING * * *
You barely miss PossumBlood's ghost.
PossumBlood's ghost is severely damaged.
You hit PossumBlood's ghost.
PossumBlood's ghost is almost destroyed.
PossumBlood's ghost hits you.
You die...

....................
#.#. .###...(....... ...
#.......##.. #.
#........### #.
#.....##.###########.
#...................<
.###...(.##.............
.......W.# #............
####...@.# ##...........
#.....# #...........
#.....# #...........
####### ##########.. #..
#.. #


You could see PossumBlood's ghost.

Vanquished Creatures
  6 adders
  2 worms (D:2)
  A giant cockroach (D:3)
  4 goblins
  11 hobgoblins
  5 jackals (D:3)
  2 kobolds (D:2)
  4 bats
  3 giant newts
  2 quokkas (D:2)
  7 rats
47 creatures vanquished.

Notes
Turn   | Place    | Note
--------------------------------------------------------------
     0 | D:1      | Metrazal the Spriggan Assassin began the quest for the Orb.
     0 | D:1      | Reached XP level 1. HP: 10/10 MP: 2/2
   634 | D:1      | Reached XP level 2. HP: 14/14 MP: 3/3
  1305 | D:2      | Reached XP level 3. HP: 16/18 MP: 4/4
  1553 | D:2      | Reached skill level 5 in Dodging
  1761 | D:2      | Reached XP level 4. HP: 22/22 MP: 5/5
  2058 | D:2      | Found a basalt altar of Yredelemnul.
  2240 | D:3      | Reached skill level 6 in Dodging
  2517 | D:3      | Noticed PossumBlood's ghost (amateur HEHu)
  2721 | D:3      | Slain by PossumBlood's ghost

Action                   |  1- 3 |  4- 6 || total
-------------------------+-------+-------++-------
Melee: Dagger            |     1 |    38 ||    39
 Fire: Blowgun           |    64 |    25 ||    89
Throw: Stone             |       |    18 ||    18
 Stab: Sleeping          |    21 |    10 ||    31
       Distracted        |     2 |     1 ||     3
